[Event "Israel National League 2024"]
[Site "Israel"]
[Date "2024.03.01"]
[Round "9.3"]
[White "Efroimski, Marsel"]
[Black "Aizenberg, Benny"]
[Result "1/2-1/2"]
[ECO "B22"]
[WhiteElo "2434"]
[BlackElo "2396"]
[Annotator "TA"]
[PlyCount "48"]
[EventDate "2024.01.07"]
[EventType "team-tourn"]
[EventCountry "ISR"]
[SourceTitle "playchess.com"]
[Source "ChessBase"]
[SourceQuality "1"]
[TimeControl "40/5400+30:1800+30"]

1. e4 c5 2. c3 Nf6 3. e5 Nd5 4. Nf3 Nc6 5. d4 cxd4 6. cxd4 d6 7. Bc4 Nb6 8. Bb5 dxe5 9. Nxe5 Bd7 10. Nxd7 Qxd7 11. Nc3 e6 12. O-O Rd8 13. Be3 Be7 14. Qf3 O-O 15. Rfd1 a6 16. Bxc6 bxc6 17. Rac1 a5 {[%emt 0:06:38] The position is equal.} 18. b3 Ra8 19. h3 Rfc8 20. Rc2 h6 21. Qg4 Kf8 22. Qe4 Kg8 {[%emt 0:02:14] Prevents Qh7+} 23. Qg4 Kf8 24. Qe4 {[%emt 0:00:09][%cal Od4d5] Strongly threatening d5!} Kg8 {[%emt 0:00:07] A rather calm draw.   Weighted Error Value: White=0.02 (flawless) /Black=0.02 (flawless) .  OK:         	White=6     	Black=6} 1/2-1/2

[Event "Israel National League 2024"]
[Site "Israel"]
[Date "2024.03.01"]
[Round "9.4"]
[White "Baron, Tal"]
[Black "Zemach, Nadav"]
[Result "1-0"]
[ECO "D45"]
[WhiteElo "2490"]
[BlackElo "2384"]
[Annotator "TA"]
[PlyCount "63"]
[EventDate "2024.01.07"]
[EventType "team-tourn"]
[EventCountry "ISR"]
[SourceTitle "playchess.com"]
[Source "ChessBase"]
[SourceQuality "1"]
[TimeControl "40/5400+30:1800+30"]

1. c4 c6 2. Nf3 d5 3. e3 Nf6 4. Nc3 e6 5. d4 Nbd7 6. Be2 Bd6 7. O-O O-O 8. b3 b6 9. Bb2 Bb7 10. Rc1 Rc8 11. h3 Qe7 12. Re1 Rfd8 {[%emt 0:03:24] The position is equal.} 13. Bd3 Bb4 14. Re2 (14. cxd5 $11 {feels stronger.} exd5 15. Re2) 14... h6 {[%emt 0:07:33] [#]} (14... dxc4 $15 15. Bxc4 c5) 15. a3 $1 Bxc3 16. Bxc3 c5 17. cxd5 Nxd5 {[%emt 0:02:18] Threatens to win with ...cxd4.} 18. Bb2 cxd4 {[%emt 0:01:54] aiming for ...Nc3.} 19. Nxd4 Nc5 {[%emt 0:06:29] ...e5 would now be deadly.} 20. Bb1 e5 (20... Qg5 $11 21. f4 Qg3) 21. Nf5 $16 Qg5 {[%emt 0:00:09] [#]} 22. h4 $1 (22. Bxe5 $2 Nc3 23. f3 Rxd1+ $19 (23... Nxd1 $2 24. h4 $19)) 22... Qf6 {[%emt 0:22:00] Loses the game.} (22... Qxg2+ $16 {was called for.} 23. Kxg2 Nxe3+ 24. Kg1 Nxd1 25. Bxe5 f6 (25... Nxb3 $2 {too greedy.} 26. Ne7+ Kf8 27. Rxc8 $18)) 23. Rd2 $18 Nc7 24. b4 Nb3 (24... Rxd2 25. Qxd2 N5e6) 25. Rxd8+ {[%emt 0:01:00] White is clearly winning.} Rxd8 26. Qxb3 Nd5 27. Rd1 g6 28. Nxh6+ Kh7 29. Be4 Kxh6 30. Bxd5 Rxd5 31. Rxd5 Qc6 32. e4 {[%emt 0:00:12] Weighted Error Value: White=0.11 (very precise) /Black=0.66.  Loses game:     	---       	Black=1      Mistake:       	White=1     	Black=3      Inaccurate:     	White=1     	---        OK:         	White=4     	Black=5      Best:        	White=3     	---        Strong:       	White=1     	---} (32. Rxe5 $2 Qxg2#) 1-0

[Event "Israel National League 2024"]
[Site "Israel"]
[Date "2024.03.01"]
[Round "9.5"]
[White "Vagman, Roy"]
[Black "Flom, Gabriel"]
[Result "1-0"]
[ECO "B07"]
[WhiteElo "2302"]
[BlackElo "2421"]
[Annotator "TA"]
[PlyCount "91"]
[EventDate "2024.01.07"]
[EventType "team-tourn"]
[EventCountry "ISR"]
[SourceTitle "playchess.com"]
[Source "ChessBase"]
[SourceQuality "1"]
[TimeControl "40/5400+30:1800+30"]

1. e4 d6 2. d4 Nf6 3. Nc3 e5 4. Nge2 c6 5. h3 Be7 6. g4 {[%emt 0:00:49] B07: Pirc Defence: Miscellaneous Systems.} O-O 7. Bg2 exd4 8. Qxd4 Nbd7 $146 ({Predecessor:} 8... Be6 9. g5 Nfd7 10. f4 f5 11. Ng3 fxe4 12. Qxe4 Nc5 13. Qe2 Qd7 14. Be3 Nba6 {0-1 Kostenko,P (2418)-Tsoi,D (2334) Cheliabinsk Variant Gp-A 2021 (8)}) 9. Be3 d5 (9... b5 $11 {remains equal.}) 10. exd5 $16 Bc5 11. Qd2 Bxe3 12. Qxe3 (12. fxe3 $6 Nxd5 13. O-O-O Nxc3 14. Qxc3 (14. Nxc3 Qa5 $11) 14... Qg5 $11) 12... Re8 13. Qd2 Nxd5 14. Nxd5 cxd5 15. O-O-O $1 (15. Qxd5 $6 Qe7 16. Qd2 Qe5 $11) 15... Nb6 16. Nc3 (16. Bxd5 $6 Qxd5 17. Qxd5 Nxd5 18. Rxd5 h5 $11) 16... Be6 17. f4 f5 18. Nxd5 ({White should try} 18. g5 $16) 18... fxg4 $14 ({Wrong is} 18... Nxd5 $2 19. gxf5 (19. Bxd5 Qxd5 20. Qxd5 Bxd5 $16) 19... Qc7 20. Bxd5 (20. fxe6 Nxf4 21. Qd7 Rac8 $16) 20... Bxd5 21. Qxd5+ Kh8 22. Qd6 $18) 19. hxg4 (19. Ne3 {with more complications.} Qxd2+ 20. Rxd2 gxh3 21. Bxb7 Rab8 22. Bc6) 19... Nxd5 (19... Bxd5 $1 $11 20. Bxd5+ Qxd5 21. Qxd5+ Nxd5 22. Rxd5 Re4) 20. Bxd5 ({White should play} 20. f5 $1 $16 Bf7 21. Bxd5 Bxd5 22. Qxd5+ Qxd5 23. Rxd5) 20... Bxd5 $11 21. Qxd5+ Qxd5 22. Rxd5 Re4 23. Rf5 Rd8 24. Rf1 b6 25. g5 Re2 (25... Rd7 $11) 26. Rd1 $14 Rxd1+ 27. Kxd1 Rf2 28. a4 g6 (28... h5 $14) 29. Rf6 (29. Rd5 $1 $16) 29... Kg7 $11 30. Rc6 Rxf4 $2 (30... h5 $1 $14) 31. Rc7+ $1 $18 Kg8 (31... Rf7 32. Rxf7+ Kxf7 33. b4 $18) (31... Kf8 $16 {might work better.}) 32. Rxa7 $18 Rg4 {[%emt 0:00:04] [#]} (32... Rb4 $142 33. b3 Rg4) 33. a5 $1 $18 bxa5 34. Rxa5 h5 35. gxh6 Kh7 36. Rc5 $2 (36. c3 $18 {is more deadly.}) 36... g5 (36... Rb4 $16 {was worth a try.}) 37. Ke2 ({But not} 37. Rc6 Rf4 38. b3 Re4) (37. c4 $18) 37... Kxh6 $16 38. Kf3 (38. b3 $16) 38... Rg1 $2 (38... Rb4 $11) 39. b4 $18 Kh5 (39... Rf1+ $142 40. Ke3 g4) 40. b5 $18 Kh4 {[%emt 0:01:03] [#]} 41. Rc8 $2 ({White must play} 41. Rc7 $1 $18 g4+ 42. Kf4 Rf1+ 43. Ke4) 41... Rf1+ $2 (41... g4+ $11 42. Ke2 g3) 42. Ke4 $18 g4 43. c4 g3 44. Rg8 Re1+ 45. Kd5 Rf1 46. b6 1-0

[Event "Israel National League 2024"]
[Site "Israel"]
[Date "2024.03.01"]
[Round "9.6"]
[White "Deutsch, Eyal"]
[Black "Guz, Ari"]
[Result "1/2-1/2"]
[ECO "B13"]
[WhiteElo "2289"]
[BlackElo "2291"]
[Annotator "TA"]
[PlyCount "61"]
[EventDate "2024.01.07"]
[EventType "team-tourn"]
[EventCountry "ISR"]
[SourceTitle "playchess.com"]
[Source "ChessBase"]
[SourceQuality "1"]
[TimeControl "40/5400+30:1800+30"]

1. e4 c6 2. d4 d5 3. exd5 cxd5 4. Bd3 Nc6 5. c3 Nf6 6. Bf4 Bg4 7. Qb3 e5 8. Bxe5 Qe7 9. Kf1 {[%emt 0:00:59] Zielt auf Bxf6 ab.} Nxe5 10. dxe5 Qxe5 11. Bb5+ Kd8 12. Nd2 Bc5 13. Ngf3 Qd6 14. Bd3 Re8 15. h3 Bh5 16. Rd1 (16. g4 $11 Bg6 17. Bxg6 hxg6 18. Kg2 (18. Qxb7 $2 {zu gefräßig.} Rb8 $19)) 16... Kc7 $15 17. g4 Bg6 18. Bxg6 hxg6 19. Qb5 a6 20. Qa5+ Bb6 21. Qa4 Rad8 22. Kg2 Re2 23. Rhf1 Kb8 24. Ng1 ({Jedoch nicht} 24. Nc4 $2 Qc7 25. Ncd2 (25. Nxb6 $2 Ne4 $19) 25... Ne4 26. Nxe4 dxe4 27. Rxd8+ Qxd8 $19) 24... Re6 (24... Rxd2 {vereinfacht} 25. Rxd2 Ne4 26. Qxe4 dxe4 27. Rxd6 Rxd6 28. Re1 f5) 25. Nc4 Qc7 26. Nxb6 Qxb6 ({Besser ist} 26... Rxb6 $17 27. Qc2 d4) 27. Qc2 d4 28. cxd4 Rxd4 ({Günstiger ist} 28... Nd5 $15) 29. Rxd4 {[%emt 0:00:53] Die Stellung ist ausgeglichen.} Qxd4 30. Rd1 Qe4+ 31. Qxe4 {[%emt 0:01:23] Gewichteter Fehlerwert: Weiß=0.11 (sehr präzise) /Schwarz=0.19 (sehr präzise) .  Fehler:       	Weiß=1     	Schwarz=2     Ungenau:       	Weiß=1     	Schwarz=4     OK:         	Weiß=8     	Schwarz=9     Bester:       	Weiß=2     	Schwarz=1} 1/2-1/2

[Event "Israel National League 2024"]
[Site "Israel"]
[Date "2024.03.01"]
[Round "9.7"]
[White "Rechlis, Gad"]
[Black "Nabaty, Tamir"]
[Result "0-1"]
[ECO "A08"]
[WhiteElo "2473"]
[BlackElo "2646"]
[Annotator "TA"]
[PlyCount "74"]
[EventDate "2024.01.07"]
[EventType "team-tourn"]
[EventCountry "ISR"]
[SourceTitle "playchess.com"]
[Source "ChessBase"]
[SourceQuality "1"]
[TimeControl "40/5400+30:1800+30"]

1. Nf3 d5 2. g3 c5 3. Bg2 Nc6 4. c4 dxc4 5. Na3 g6 6. Nxc4 Bg7 7. d3 Nf6 8. Be3 {[%emt 0:00:38] The position is equal.} Nd5 9. Bxc5 b6 $1 10. Be3 (10. Qa4 {seems wilder.} Bd7 11. Ng5 Ncb4 12. Qd1) 10... b5 11. Ncd2 Nxe3 12. fxe3 O-O (12... Bxb2 $2 13. Ng5 O-O 14. Bxc6 $18) 13. Nd4 {[%emt 0:23:57] [#]} Nxd4 $1 $15 14. Bxa8 (14. exd4 Rb8) 14... Nf5 $36 {[%emt 0:00:24][%csl LRb2,LRe3][%cal Oc8e6][%mdl 2048] Black has strong initiative.} 15. Nf1 Be6 16. Bf3 Bxb2 {[%emt 0:00:35][%cal Ob5b4] aiming for ...b4!} 17. Rb1 Bc3+ 18. Kf2 Qa5 {[%emt 0:02:35] Black has more active pieces. The white rooks are passive.} (18... Bxa2 $6 19. Rxb5 Be6 20. h4 $14) 19. a3 Nd6 (19... Qxa3 20. Rxb5 Bf6 21. Qb1 $11) 20. h4 (20. Rc1 $142) 20... Qxa3 $17 21. h5 {[%emt 0:00:00] White is weak on the dark squares} (21. Nd2 $17) 21... g5 $19 22. d4 h6 23. e4 (23. Nd2 $17) 23... Qa4 (23... g4 $19 24. Bg2 Nc4) 24. Qxa4 $17 bxa4 25. d5 Bd7 {[%emt 0:01:25][%mdl 1024] White must now prevent ...g4. Black has strong compensation.} 26. Ne3 Bd4 $1 {[%emt 0:05:06] A strong pair of Bishops.} 27. Rhd1 Bb6 28. e5 {[%emt 0:01:36] [#]} Nc4 ({Black should play} 28... Nf5 $1 29. Rxb6 axb6) 29. Rxb6 Nxb6 30. Bg4 {[%emt 0:00:28] [#]} Rd8 (30... e6 $1 $17 31. dxe6 Bxe6 (31... fxe6+ $2 32. Bf3 $19) 32. Bxe6 fxe6+ 33. Ke1 Rc8) 31. d6 (31. Bxd7 $11 Rxd7 32. Kf3) 31... e6 32. Bf3 Rc8 33. Ng4 Kg7 34. Nf6 Rc5 35. Rb1 a3 ({Not} 35... Rxe5 36. Nxd7 Nxd7 37. Rb7 $11) 36. Rxb6 $4 (36. Ra1 $17 Ra5 (36... Rxe5 37. Nxd7 Nxd7 38. Rxa3 $11) 37. Ra2) 36... axb6 $19 37. Nxd7 Rc8 {[%emt 0:00:34] Weighted Error Value: White=0.44/Black=0.19 (very precise) .  Loses game:     	White=1     	---        Mistake:       	White=5     	Black=3      Inaccurate:     	White=2     	Black=1      OK:         	White=11    	Black=15     Best:        	White=4     	Black=2      Strong:       	---       	Black=2} 0-1

[Event "Israel National League 2024"]
[Site "Israel"]
[Date "2024.03.01"]
[Round "9.8"]
[White "Roiz, Michael"]
[Black "Zoler, Dan"]
[Result "1-0"]
[ECO "A50"]
[WhiteElo "2575"]
[BlackElo "2460"]
[Annotator "TA"]
[PlyCount "79"]
[EventDate "2024.01.07"]
[EventType "team-tourn"]
[EventCountry "ISR"]
[SourceTitle "playchess.com"]
[Source "ChessBase"]
[SourceQuality "1"]
[TimeControl "40/5400+30:1800+30"]

1. Nf3 Nf6 2. g3 b6 3. d4 Bb7 4. c4 g6 5. Nc3 Bg7 6. d5 {[%emt 0:00:10] A50: Queen's Fianchetto Defence (1 d4 Nf6 2 c4 b6).} O-O 7. Bg2 Na6 8. O-O Nc5 9. Re1 Ne8 $146 ({Predecessor:} 9... e6 10. Be3 Nfe4 11. Nxe4 Nxe4 12. Bd4 c5 13. dxc6 dxc6 14. Bxg7 Kxg7 15. Qc2 c5 {½-½ Narayanan,S (2651)-Sindarov,J (2658) Qatar Masters op 2023 (7)}) 10. Qc2 Nd6 11. b3 a5 12. Bf4 e6 13. Rad1 Qe7 14. e4 e5 15. Be3 f5 {[%emt 0:22:03] [#]} (15... Rae8 $14) 16. exf5 $1 $16 Rxf5 17. Nd2 Qf8 (17... Rff8 $142) 18. a3 ({White should play} 18. Bxc5 bxc5 19. Nde4) 18... Bh6 ({Better is} 18... Rf7) 19. b4 axb4 20. axb4 Bxe3 21. fxe3 (21. Rxe3 Rxf2 22. Nb5 (22. bxc5 Nxc4 23. Rd3 Qxc5 $15) 22... Ne6 23. Nxd6 (23. Rxe5 Nxb5 24. cxb5 Qf6 $17) 23... Nd4 $11 (23... cxd6 24. Rf3 $14)) 21... Na6 22. Qb3 e4 (22... Kg7 $16 23. Na4 b5) 23. Rb1 (23. Bxe4 Nxe4 24. Ncxe4 Qxb4 $14) 23... Re8 24. Ndxe4 (24. Bxe4 Rfe5 $11) 24... Nxe4 25. Nxe4 (25. Bxe4 $6 Rfe5 $16) 25... Qg7 26. Qc3 Rfe5 27. Nf2 c5 (27... d6 {was necessary.} 28. e4 R5e7 29. Qxg7+ Kxg7) 28. bxc5 $18 Nxc5 29. Ng4 (29. Rxb6 Na4 30. Qd4 Nxb6 31. Qxb6 Bc8 $16) 29... R5e7 $2 (29... Rf5 {is a better chance.} 30. Qxg7+ Kxg7) 30. Nf6+ $18 ({Not} 30. Qxg7+ Kxg7 31. Rxb6 Rf7 $18) 30... Kh8 31. Qd4 ({Don't do} 31. Rxb6 Na4 $18) 31... Rc8 (31... Rd8 $142 32. Rxb6 d6) 32. Rxb6 $18 Rf7 33. Ne4 Nxe4 34. Bxe4 d6 35. Bd3 ({Less strong is} 35. Rxd6 Qxd4 36. exd4 Rxc4 $18) 35... Rd8 36. Rf1 Qxd4 37. exd4 Re7 38. Rf6 Re3 39. Bf1 Bc8 40. Rbxd6 1-0

[Event "Israel National League 2024"]
[Site "Israel"]
[Date "2024.03.01"]
[Round "9.9"]
[White "Manor, Ilan"]
[Black "Steinberg, Nitzan"]
[Result "0-1"]
[ECO "A28"]
[WhiteElo "2469"]
[BlackElo "2551"]
[Annotator "TA"]
[PlyCount "78"]
[EventDate "2024.01.07"]
[EventType "team-tourn"]
[EventCountry "ISR"]
[SourceTitle "playchess.com"]
[Source "ChessBase"]
[SourceQuality "1"]
[TimeControl "40/5400+30:1800+30"]

1. c4 Nf6 2. Nc3 e5 3. Nf3 Nc6 4. d4 exd4 5. Nxd4 Bb4 6. Bg5 h6 7. Bh4 O-O 8. Rc1 g5 9. Bg3 Ne4 10. e3 ({White should try} 10. f3 $1 Nxc3 11. bxc3) 10... Re8 $11 {[%emt 0:01:06] Black has an edge.} 11. Ndb5 a6 $1 12. a3 $1 Nxg3 13. hxg3 Bf8 14. Nd4 d6 15. Be2 Bg7 16. Nb3 Ne5 17. Qc2 c6 18. Rd1 Qe7 19. Nd4 Bd7 20. Nf5 (20. a4 $11 {might be stronger.}) 20... Bxf5 $15 21. Qxf5 b5 22. cxb5 axb5 23. Bd3 Nxd3+ 24. Qxd3 d5 {[%emt 0:00:25] [#] Strongly threatening ...d4.} 25. Ne2 (25. O-O $15) 25... Ra4 $17 {[%emt 0:05:43] Black is more active.} ({But not} 25... Bxb2 $6 26. Rxh6 Bf6 27. Qh7+ Kf8 28. Kf1 $11) 26. O-O {[%emt 0:01:17] White does not recover from this.} (26. Rc1 $17 Rc4 (26... Bxb2 27. Rxh6 Rxa3 28. Qh7+ Kf8 29. Rhxc6 $11) 27. Qd2) 26... Bxb2 $19 27. Qc2 Qf6 ({Not} 27... Bxa3 28. Qxc6 Ra5 29. Qxh6 $16) 28. Rb1 Bxa3 29. Nd4 Rc4 30. Qd3 Bc5 31. Nb3 Bb6 32. Ra1 Qc3 33. Qd1 Qc2 34. Ra6 {[%emt 0:00:33] [#] Black must now prevent Qxc2.} Qxd1 35. Rxd1 Rb8 36. Nd2 Ra4 37. Rxa4 bxa4 38. Rc1 {[%emt 0:00:02] Wards off Bc5} (38. Ra1 $142 Ra8 (38... Ba5 $2 39. Nf3 $19) 39. Kf1) 38... a3 {[%emt 0:02:41] ...Ba5 is the strong threat.} 39. Rxc6 (39. Ra1 $142 Bc5 40. Ra2) 39... a2 {[%emt 0:00:52] Weighted Error Value: White=0.36/Black=0.05 (flawless) .  Mistake:       	White=6     	---        Inaccurate:     	White=1     	Black=2      OK:         	White=9     	Black=15     Best:        	---       	Black=4      Strong:       	White=1     	Black=1} 0-1

[Event "Israel National League 2024"]
[Site "Israel"]
[Date "2024.03.01"]
[Round "9.10"]
[White "Mikhalevski, Victor"]
[Black "Zifroni, Dov"]
[Result "1/2-1/2"]
[ECO "E04"]
[WhiteElo "2524"]
[BlackElo "2462"]
[Annotator "TA"]
[PlyCount "56"]
[EventDate "2024.01.07"]
[EventType "team-tourn"]
[EventCountry "ISR"]
[SourceTitle "playchess.com"]
[Source "ChessBase"]
[SourceQuality "1"]
[TimeControl "40/5400+30:1800+30"]

1. Nf3 d5 2. g3 c5 3. Bg2 Nc6 4. d4 e6 5. O-O Nf6 6. c4 dxc4 7. dxc5 Qxd1 8. Rxd1 Bxc5 9. Nfd2 Na5 10. Na3 Bxa3 11. bxa3 Bd7 12. Bb2 {[%emt 0:00:45][%mdl 1024] White has compensation.} Rc8 {[%emt 0:00:20] [#] aiming for ...c3.} 13. Bc3 {[%emt 0:00:38] A strong pair of Bishops.} b6 14. Rdc1 O-O 15. Rab1 {[%emt 0:10:12] Inhibits Bb5.} ({White should try} 15. Bxa5 $14 bxa5 16. Nxc4) 15... Rc7 (15... Nd5 $142 16. Bxa5 c3) 16. Bxa5 $11 bxa5 17. Nxc4 Rc5 18. Nd6 {[%emt 0:20:43] Prevents Rfc8} Rxc1+ 19. Rxc1 Rb8 20. h3 Kf8 21. Rc7 Rb1+ 22. Kh2 Rb2 23. Bf3 (23. Rxa7 $11 {should be considered.} Rxe2 24. Kg1) 23... Ke7 $15 24. Nb7 a4 25. Na5 Rxa2 26. Rxa7 {[%emt 0:00:09] The position is equal.} Rxa3 {[%emt 0:04:24] Strongly threatening ...Rc3.} 27. Nc4 Rc3 28. Ne5 a3 {[%emt 0:09:26] Weighted Error Value: White=0.10 (very precise) /Black=0.11 (very precise) .  Mistake:       	White=2     	Black=1      Inaccurate:     	White=1     	Black=3      OK:         	White=8     	Black=9      Best:        	White=4     	---} 1/2-1/2

[Event "Israel National League 2024"]
[Site "Israel"]
[Date "2024.03.01"]
[Round "9.11"]
[White "Soffer, Ram"]
[Black "Kobo, Ori"]
[Result "0-1"]
[ECO "A48"]
[WhiteElo "2431"]
[BlackElo "2541"]
[Annotator "TA"]
[PlyCount "98"]
[EventDate "2024.01.07"]
[EventType "team-tourn"]
[EventCountry "ISR"]
[SourceTitle "playchess.com"]
[Source "ChessBase"]
[SourceQuality "1"]
[TimeControl "40/5400+30:1800+30"]

1. Nf3 Nf6 2. b3 g6 3. Bb2 Bg7 4. d4 d6 5. e3 O-O 6. Be2 a5 {[%emt 0:08:42] A48: 1 d4 Nf6 2 Nf3 g6: Torre, London and Colle Systems.} 7. a4 Bf5 8. O-O Nc6 $146 ({Predecessor:} 8... Na6 9. c4 c5 10. Nbd2 Nb4 11. Nh4 Bc2 12. Qc1 Bd3 13. Bxd3 Nxd3 14. Qc2 Nxb2 15. Qxb2 cxd4 16. exd4 {0-1 Gasparyan,M (1690)-Yagutian,M (1747) Wch U18 Girls blitz 2023 (6)}) 9. Na3 Re8 10. Nc4 Nb4 11. Rc1 Na2 12. Ra1 Nb4 13. Rc1 c6 14. c3 Nbd5 15. Nh4 Bd7 16. Nf3 b5 17. axb5 cxb5 18. Ncd2 a4 (18... Ng4 {keeps more tension.} 19. e4 Nf4 20. Re1 a4) 19. bxa4 bxa4 20. Ba3 Qa5 21. Nc4 Qc7 (21... Nxc3 $6 22. Nxa5 Nxd1 23. Nc4 $16) 22. Nfd2 Rab8 23. Re1 Bb5 24. Nxd6 exd6 25. Bxb5 $1 (25. c4 Nxe3 26. cxb5 Nxd1 $17) 25... Rxb5 26. c4 (26. Qxa4 $2 Ra5 (26... Nxc3 $2 27. Qxb5 Nxb5 28. Rxc7 $19) 27. Qb3 Rb8 $19) 26... Nxe3 $1 27. Rxe3 (27. cxb5 $2 Nxd1 28. Rxc7 Rxe1+ $19) 27... Rbb8 28. Rxe8+ Rxe8 29. Qxa4 Bh6 30. Qd1 $2 (30. Bb4 $11 {and White has nothing to worry.}) 30... Qa5 $19 31. Bxd6 Bxd2 ({Resist} 31... Qxd2 32. Qxd2 Bxd2 33. Rb1) 32. Ra1 Qc3 33. Be5 Ng4 34. Qa4 (34. Rb1 $142 Nxe5 35. dxe5) 34... Rf8 (34... Rxe5 $142 35. dxe5 Be1 (35... Qxe5 $2 36. Qa8+ Kg7 37. g3 $19) (35... Nxe5 36. Rb1 $17)) 35. Rd1 Nxe5 36. dxe5 Qxe5 37. g3 Bg5 38. Qc6 Be7 39. Rd5 Qe1+ 40. Kg2 Qe4+ 41. Kg1 Kg7 42. Qb5 Bf6 43. Rd1 Rc8 44. Rc1 Bd4 45. Qb3 Rc6 46. Qd1 h5 (46... Bxf2+ $142 47. Kxf2 Rf6+ (47... Rxc4 48. Rxc4 Qxc4 49. Qa1+ Kh6 50. Qe5 $15) 48. Kg1 Qe3+ 49. Kh1 Rf2) 47. Rc2 $19 Rf6 48. c5 Qd5 49. Qc1 Qf5 (49... h4 $142 50. c6 Qf3 (50... h3 $2 51. Qf1 $19)) 0-1

[Event "Israel National League 2024"]
[Site "Israel"]
[Date "2024.03.01"]
[Round "9.12"]
[White "Huzman, Alexander"]
[Black "Ganor, Dotan"]
[Result "1/2-1/2"]
[ECO "E05"]
[WhiteElo "2534"]
[BlackElo "2229"]
[Annotator "TA"]
[PlyCount "64"]
[EventDate "2024.01.07"]
[EventType "team-tourn"]
[EventCountry "ISR"]
[SourceTitle "playchess.com"]
[Source "ChessBase"]
[SourceQuality "1"]
[TimeControl "40/5400+30:1800+30"]

1. Nf3 d5 2. g3 Nf6 3. Bg2 e6 4. O-O Be7 5. c4 O-O 6. d4 dxc4 7. Qc2 a6 8. a4 Bd7 9. Qxc4 Bc6 10. Bg5 h6 {[%emt 0:07:27] [#] Strongly threatening ...Bd5.} 11. Bxf6 Bxf6 12. Nc3 a5 {[%emt 0:08:34] White has an edge.} 13. e4 Na6 {[%emt 0:02:01] The position is equal.} 14. Rfd1 Nb4 15. Qe2 Re8 16. Rac1 g6 17. h4 Bg7 18. Qe3 Qe7 19. Qf4 Rad8 20. Ne5 Bxe5 21. Qxe5 b6 22. Qf4 Rxd4 23. Qxh6 Rxd1+ 24. Rxd1 Rd8 25. Rxd8+ Qxd8 26. h5 gxh5 27. e5 Bxg2 28. Kxg2 Qd4 {[%emt 0:00:47] Against Ne4} 29. Qg5+ Kf8 {[%emt 0:00:13] [#] White must now prevent ...Nd3.} 30. Qh6+ Kg8 31. Qg5+ Kf8 {[%emt 0:00:05] Hoping for ...Nd3.} 32. Qh6+ Kg8 {[%emt 0:01:18] An interesting draw.   Weighted Error Value: White=0.03 (flawless) /Black=0.05 (flawless) .  OK:         	White=11    	Black=11} 1/2-1/2

[Event "Israel National League 2024"]
[Site "Israel"]
[Date "2024.03.01"]
[Round "9.13"]
[White "Gorshtein, Ido"]
[Black "Dardha, Daniel"]
[Result "1-0"]
[ECO "A29"]
[WhiteElo "2523"]
[BlackElo "2602"]
[Annotator "TA"]
[PlyCount "101"]
[EventDate "2024.01.07"]
[EventType "team-tourn"]
[EventCountry "ISR"]
[SourceTitle "playchess.com"]
[Source "ChessBase"]
[SourceQuality "1"]
[TimeControl "40/5400+30:1800+30"]

1. c4 e5 2. g3 d5 3. cxd5 Qxd5 4. Nf3 Nc6 5. Nc3 Qd8 6. Bg2 Nf6 7. O-O h6 {[%emt 0:01:07] [#]} 8. b4 $1 a6 (8... e4 9. Ne1) 9. a3 Bd6 {[%emt 0:06:58] White is slightly better.} 10. d3 O-O 11. Bb2 Re8 12. Rc1 Bf5 13. Nd2 Qd7 14. Bxc6 (14. Re1 $14 {might be stronger.}) 14... Qxc6 {[%emt 0:08:13] [#]} 15. Nce4 $1 Qd7 16. Nxf6+ gxf6 17. Ne4 Bxe4 18. dxe4 a5 19. bxa5 Rxa5 20. Rc3 Qg4 21. Qc2 Rea8 22. Bc1 Ra4 23. f3 Qe6 24. Rd1 (24. Bxh6 Rxa3 25. Be3 b5 $19) 24... h5 25. Rdd3 Rd4 26. Kg2 c5 27. Be3 Rxd3 28. exd3 (28. Qxd3 {simplifies} c4 29. Qxc4 Rxa3 30. Qxe6 fxe6 31. Rxa3 Bxa3 32. Bb6) 28... b5 29. Bf2 (29. Bxc5 $2 {is the wrong capture.} b4 30. Bxb4 (30. axb4 $2 {perishes.} Ra2 $19) 30... Bxb4 $19) (29. Qb3 $15) 29... b4 $17 30. axb4 cxb4 31. Rc4 (31. Rb3 $17 {was called for.}) 31... Rb8 32. Qb3 Bf8 33. h3 Rb7 $2 ({Better is} 33... Ra8 $1 $17 {...Ra3 is the strong threat.} 34. f4 exf4 35. gxf4 f5) 34. g4 (34. Qa4 $1 $11 Rb8 35. Rc2) 34... hxg4 35. hxg4 Kg7 36. Be3 Rb8 37. Kg3 (37. Rc3 $15) 37... Be7 $1 38. Kg2 Ra8 (38... Rd8 $142 39. Qc2 Qa6) 39. Qb1 (39. Kg3 $17) 39... Qa6 $19 {[%emt 0:02:10] aiming for ...Qa2+.} 40. Kg3 (40. Qd1 $142) 40... Qb5 (40... Rc8 $19 41. Rxc8 Qxc8) 41. Rc3 Rh8 42. Qb3 (42. Kg2 $17) 42... Bd6 43. Rc1 Qb7 (43... Qb8 $1 $17 {White must now prevent ...Rh7.} 44. Ra1 Bc7) 44. Ra1 $2 ({White should try} 44. Kg2 $15) 44... Ra8 45. Rh1 Rh8 {[%emt 0:01:57] Against Bh6+} 46. Ra1 Qb5 $2 (46... Qe7 $1 $19 {[%cal Of6f5] Hoping for ...f5!} 47. Ra7 Bc7) 47. Ra7 $36 {[%emt 0:00:47][%mdl 2048] White is on the roll. White is more active.} Rf8 {[%emt 0:00:07][%mdl 8192] [#]} (47... Qe8 $16) 48. Qe6 $1 {[%emt 0:08:22] White mates.} Bc5 {[%emt 0:10:00] [#]} 49. Bh6+ $1 Kxh6 (49... Kg6 50. Qf5+) 50. Qxf6+ Kh7 51. Ra1 {[%emt 0:00:22] Weighted Error Value: White=0.26 (precise) /Black=0.52.  Loses game:     	White=1     	Black=1      Missed win:     	---       	Black=1      Mistake:       	White=8     	Black=4      Inaccurate:     	White=1     	Black=3      OK:         	White=9     	Black=13     Best:        	White=2     	---        Strong:       	White=1     	Black=1} 1-0